 Dungeon Crawl Stone Soup version 0.31.0-11-ge490571c62 (webtiles) character file.

Game seed: 8985904230570739959

718 browni3141 the Chopper (level 7, -2/62 HPs)
             Began as a Minotaur Fighter on Jan 29, 2024.
             Was an Initiate of Okawaru.
             Slain by an iron imp (4 damage)
             ... summoned by Eustachio
             ... on level 5 of the Dungeon.
             The game lasted 00:02:06 (3748 turns).

browni3141 the Chopper (Minotaur Fighter)           Turns: 3748, Time: 00:02:07

Health: -2/62      AC: 10    Str: 22      XL:     7   Next: 42%
Magic:  6/6        EV:  8    Int:  5      God:    Okawaru [......]
Gold:   209        SH:  5    Dex: 15 (16) Spells: 6/6 levels left

rFire   . . .        a - +0 war axe
rCold   . . .        c - +0 buckler
rNeg    . . .        x - +0 chain mail
rPois   .            (helmet restricted)
rElec   .            (no cloak)
rCorr   .            (no gloves)
SInv    .            (no boots)
Will    .....        (no amulet) Stlth
                     g - +6 ring of dexterity
HPRegen 0.30/turn    (no ring)
MPRegen 0.10/turn

%: no passive effects
@: lethally poisoned (-2 -> -6)
A: horns 2, retaliatory headbutt
a: Renounce Religion


You were on level 5 of the Dungeon.
You worshipped Okawaru.
Okawaru was noncommittal.
You visited 2 branches of the dungeon, and saw 6 of its levels.
You also visited: Sewer.

You collected 209 gold pieces.

Inventory:

Hand Weapons
 a - a +0 war axe (weapon)
Armour
 b - a +0 scale mail
 c - a +0 buckler (worn)
 x - a +0 chain mail (worn)
Jewellery
 g - a +6 ring of dexterity (left hand)
Wands
 l - a wand of charming (8)
Scrolls
 e - 6 scrolls of identify {unknown}
 i - a scroll of teleportation {unknown}
 k - a scroll of fog {unknown}
 n - a scroll of poison {unknown}
 r - a scroll of enchant armour {unknown}
 u - a scroll of brand weapon {unknown}
 v - a scroll of revelation {unknown}
 w - a scroll of silence {unknown}
Potions
 f - 2 potions of curing {unknown}
 h - 2 potions of enlightenment {unknown}
 j - 2 potions of attraction {unknown}
 m - a potion of brilliance {unknown}
 o - a potion of magic {unknown}
 p - 4 potions of haste {unknown}
 q - a potion of heal wounds {unknown}
 s - 2 potions of resistance {unknown}
 t - 3 potions of might
 z - a potion of lignification {unknown}


   Skills:
 + Level 5.7 Fighting
 * Level 6.6 Axes
 + Level 5.6 Armour
 + Level 5.7 Shields


You had 6 spell levels left.
You didn't know any spells.
Your spell library contained the following spells:

 Spells                   Type           Power      Damage    Failure   Level
 Cigotuvi's Dreadful Rot  Necr/Alch/Air  0%         N/A       99%         2
 Lesser Beckoning         Tloc           0%         N/A       99%         2
 Gell's Gravitas          Tloc           0%         N/A       100%        3
 Teleport Other           Tloc           0%         N/A       100%        3
 Dispel Undead            Necr           0%         3d6       100%        4
 Martyr's Knell           Necr/Summ      Unusable   N/A       N/A         4
 Death Channel            Necr           Unusable   N/A       N/A         6

Dungeon Overview and Level Annotations

Branches:
Dungeon (5/15)             Temple (1/1) D:4           Sewer (visited)

Altars:
Ashenzari
Cheibriados
Elyvilon
Fedhas
Gozag
Hepliaklqana
Kikubaaqudgha
Makhleb
Nemelex Xobeh
Okawaru
Qazlal
Ru
Sif Muna
Uskayaw
Vehumet
Wu Jian
Xom
Yredelemnul
Zin

Annotations:
D:5 Eustachio
Temple 2 transporters


Innate Abilities, Weirdness & Mutations

You have a pair of horns on your head.
You reflexively headbutt those who attack you in melee.


Message History

There are monsters nearby!
You closely miss Eustachio. You barely miss the scorpion.
The iron imp disappears in a puff of smoke!
You block the scorpion's attack.
Eustachio hits you with a +3 rapier of venom.
You are poisoned.
There are monsters nearby!
You slash Eustachio! You headbutt Eustachio.
Eustachio is heavily wounded.
You barely miss the scorpion. You hit the shadow imp.
You feel very sick. The scorpion barely misses you.
You block Eustachio's attack.
The scorpion stings you but does no damage.
There are monsters nearby!
You hit Eustachio but do no damage.
Eustachio is heavily wounded.
You slash the scorpion! You closely miss the quasit.
You feel sick. You block the quasit's attack.
The quasit claws you but does no damage. x2
Eustachio hits you but does no damage. The scorpion barely misses you.
You barely miss Eustachio.
Eustachio is heavily wounded.
You hit the scorpion but do no damage. You slash the quasit!
You feel sick.
The quasit bites you but does no damage.
The quasit claws you but does no damage. x2
Eustachio hits you but does no damage.
You are more poisoned.
The scorpion stings you.
The quasit bites you but does no damage.
The quasit barely misses you.
The quasit claws you but does no damage.
You hit Eustachio but do no damage.
Eustachio is heavily wounded.
You slash the scorpion! You slash the quasit!
You kill the quasit!
The quasit disappears in a puff of smoke!
You feel very sick. You block the scorpion's attack.
Eustachio hits you with a +3 rapier of venom.
You are more poisoned.
The scorpion stings you. Eustachio completely misses you.
You block the shadow imp's attack.
You hit Eustachio.
Eustachio is severely wounded.
You hit the scorpion. You hit the iron imp. You closely miss the shadow imp.
You feel very sick.
The scorpion stings you but does no damage.
The iron imp hits you but does no damage.
The shadow imp closely misses you.
Eustachio casts a spell.
The scorpion barely misses you.
You slash the scorpion!
You kill the scorpion!
Okawaru accepts your kill.
You hit Eustachio but do no damage. You closely miss the iron imp.
You hit the shadow imp.
You feel very sick. The bat hits you but does no damage.
You block the bat's attack. You block the iron imp's attack.
Eustachio gestures wildly while chanting.
Eustachio blinks!
The shadow imp barely misses you.
You feel your dexterity returning.
You hit the sleepcap.
The sleepcap is moderately damaged.
You hit the iron imp but do no damage. You barely miss the shadow imp.
You feel very sick.
The bat hits you but does no damage. x3; The bat closely misses you.
The sleepcap releases spores at you.
The shadow imp hits you but does no damage.
The iron imp lashes its tail.
The iron imp hits you but does no damage.
You slash Eustachio! You headbutt Eustachio!
Eustachio is almost dead.
You closely miss the shadow imp. You hit the bat.
You kill the bat!
The bat's corpse disappears in a puff of smoke!
You slash the bat!
You kill the bat!
The bat's corpse disappears in a puff of smoke!
You hit the sleepcap but do no damage. You hit the iron imp but do no damage.
You feel sick.
Eustachio casts a spell.
Eustachio blinks!
The shadow imp hits you but does no damage.
The sleepcap releases spores at you.
You are engulfed in a cloud of soporific spores!
You fall asleep.
The iron imp hits you!
You wake up.
Unknown command.
Throw: dart (curare)
Press: ? - help, Q - select action, (/) - cycle Shift-Dir - straight line, f - Eustachio
Aim: Eustachio, wielding a +3 rapier of venom and wearing a +2 leather armour of positive energy (almost dead, 46% to hit)
You throw a curare-tipped dart.
The curare-tipped dart closely misses Eustachio.
You feel sick. The shadow imp puffs mist at you.
The shadow imp hits you but does no damage.
The sleepcap barely misses you. You furiously retaliate!
You headbutt the sleepcap! The iron imp hits you.
You die...

#.... #. ##...# ..##
#....# ....## #....#
......### #.....
.>......## #.....
.........### #..###
.......5.(.## ##..#.
......f@....# ####...
......5.§...######...>..
........§...##..........
.....................)..
........................
.....>@.................
......(...####.##.......
......##### #...####....
### ##....##..#..


You could see Eustachio, a sleepcap, an iron imp (summoned) and a shadow imp
(summoned).

Vanquished Creatures
  An ogre (D:5)
  A kobold brigand (Sewer)
  A scorpion (D:5)
  A bombardier beetle (D:4)
  2 quasits (Sewer)
  2 hounds
  2 iguanas
  2 orc wizards
  9 adders
  2 river rats (D:3)
  2 shadow imps (Sewer)
  3 ufetubi (Sewer)
  2 dart slugs
  5 ribbon worms
  9 orcs
  6 endoplasms
  4 giant cockroaches
  6 goblins
  6 hobgoblins
  3 jackals (D:2)
  3 quokkas
  5 ball pythons
  7 bats
  4 frilled lizards
  A giant cockroach zombie (Sewer)
  22 kobolds
  5 rats
116 creatures vanquished.

Notes
Turn   | Place    | Note
-------+----------+-------------------------------------------
     0 | D:1      | browni3141 the Minotaur Fighter began the quest for the
                  | Orb.
     0 | D:1      | Reached XP level 1. HP: 19/19 MP: 0/0
   201 | D:1      | Reached XP level 2. HP: 27/27 MP: 1/1
   372 | D:1      | Reached skill level 3 in Axes
  1032 | D:2      | Reached XP level 3. HP: 33/33 MP: 2/2
  1306 | D:2      | You fall into a shaft and drop 2 floors!
  1360 | D:4      | Reached XP level 4. HP: 15/40 MP: 3/3
  1477 | D:4      | Reached skill level 4 in Axes
  1689 | D:3      | Reached XP level 5. HP: 39/47 MP: 4/4
  1747 | D:3      | Found a glowing drain.
  1754 | Sewer    | Entered a sewer
  1883 | Sewer    | Reached skill level 5 in Axes
  1997 | Sewer    | Reached XP level 6. HP: 23/55 MP: 5/5
  2001 | Sewer    | Reached skill level 5 in Fighting
  2001 | Sewer    | Reached skill level 5 in Shields
  2002 | Sewer    | Reached skill level 5 in Armour
  2006 | Sewer    | Found a burning altar of Makhleb.
  2614 | D:3      | Found a faded altar of an unknown god.
  3110 | D:4      | Found a staircase to the Ecumenical Temple.
  3142 | Temple   | Found a transporter.
  3142 | Temple   | Found a transporter.
  3142 | Temple   | Found a transporter.
  3142 | Temple   | Found a transporter.
  3142 | Temple   | Entered the Ecumenical Temple
  3160 | Temple   | Became a worshipper of Warmaster Okawaru
  3191 | D:4      | Reached skill level 6 in Axes
  3272 | D:4      | Reached XP level 7. HP: 61/61 MP: 6/6
  3511 | D:5      | Entered Level 5 of the Dungeon
  3735 | D:5      | Noticed Eustachio
  3747 | D:5      | HP: 3/62 [iron imp[Eustachio] (15)]
  3748 | D:5      | Slain by an iron imp

Illustrated notes

Levels and vault maps discovered:
D:1:      psy_arrival_basics, layout_loops_corners, serial_bayou_pond_a
D:2:      layout_basic, serial_shops, nicolae_shop_bloodbath_and_beyond
D:3:      layout_basic, lightli_sewer_entry_pipes,
          shapermc_ecumenical_altar_starsandcircs
D:4:      layout_loops_ring, minmay_temple_entry_grid
D:5:      layout_cave_pods, gammafunk_ghost_abyssal_escape,
          nicolae_underground_beach, uniq_eustachio
Temple:   hellmonk_temple_divided_pantheon

Skill      XL: |  1  2  3  4  5  6 |
---------------+-------------------+-----
Axes           | 3 4 5 6 |  6.6
Fighting       | 4 5 |  5.7
Shields        | 4 5 |  5.7
Armour         | 4 5 |  5.6

Action                     |  1- 3 |  4- 6 |  7- 9 || total
---------------------------+-------+-------+-------++-------
  Melee: War axe           |    76 |   142 |    34 ||   252
         Headbutt          |     9 |    18 |     8 ||    35
  Throw: Dart              |       |       |     1 ||     1
    Use: Potion            |       |     1 |       ||     1
 Armour: Scale mail        |    40 |   161 |       ||   201
         Chain mail        |       |     9 |    44 ||    53
  Dodge: Dodged            |    30 |   144 |    18 ||   192
  Block: Buckler           |    21 |    50 |    10 ||    81
